← All builds
Tech / Armada / Economy first / OBSERVED BUILD

Standard tech

Armada Tech (Eco) build order · Supreme Isthmus

Rushes T2 by 4:15, gets Advanced Metal Extractor around 5:28, hands off T2 constructors to Geo and the team, then scales eco and supplies the team's T2 needs through the rest of the game.

Usually first T2 con to Geo (83%)

#eco #t2 #team support · 1574 distinct matches · 255 players · 58% of Armada Tech games · team won 53% of 1868 · Recently observed

HOW TO PLAY IT

Key timing: T2 factory by 4:15

  1. Open 3 mex and heavy wind to fund a fast T2 rush.
  2. Put down Bot Lab, planning to eat it for reclaim soon after.
  3. Get Advanced Bot Lab up, hitting the T2 factory rush timing.
  4. Upgrade mex to Advanced Metal Extractor to lock in team metal income.
  5. Eat Advanced Bot Lab and keep sending cons to Geo and Pond.

Phase by phase

TYPICAL OF ITS 1574 GAMES
  1. 1
  2. 2
  3. 3
  4. 4
PLAY THE OPENING

Follow the example game's first 6:00 step by step: what to build now, what comes next, and where it goes. At 1× it keeps pace with your own game.

  1. 1

    Up to the Bot Lab

    Economy
    • Metal Extractor3Mex
    • Wind Turbine4Wind
    Order
    1. Bot LabBot Lab after 3 mex, 4 winddone ~1:18, middle half 1:13–1:32

    Some games also: energy storage (31%)

    By 1:01 in all: 3 mex · 4 wind

    The example game in this phase · 5 steps
    1. Mex ×3
    2. Wind ×5
    3. Energy storage
    4. Wind
    5. Bot LabBot Labdone 1:44 · typical 1:18
  2. 2

    Bot Lab to Advanced Bot Lab

    Economy
    • Metal Extractor1Mex
    • Wind Turbine8Wind
    • Energy Storage1Energy storage
    Order
    1. Advanced Bot LabAdvanced Bot Lab after 4 mex, 12 wind, 3 con turretdone ~4:16, middle half 4:04–4:30
    Builders
    • Construction Turret3 Con turret
    • Lazarus3 Lazarus
    • Construction Bot2 Con bot
    • Construction Bot1 Con bot for allies

    Some games also: converter (36%)

    By 3:18 in all: 4 mex · 12 wind · 1 energy storage · 3 con turret

    The example game in this phase · 18 steps
    1. LazarusLazarusfor Geo sea
    2. Wind
    3. Construction BotCon bot
    4. Construction BotCon botfor Air
    5. Wind
    6. Construction BotCon bot
    7. Wind ×2
    8. Mex
    9. Wind
    10. Con turret
    11. Wind
    12. Con turret
    13. Wind ×2
    14. Converter
    15. Wind
    16. Con turret
    17. Wind ×3
    18. Advanced Bot LabAdvanced Bot Labdone 4:38 · typical 4:16
  3. 3

    Advanced Bot Lab to 5:00

    Economy
    • Wind Turbine3Wind
    Order
    1. Bot LabEat Bot Lab
    Builders
    • Advanced Construction Bot1 T2 con bot for allies

    Some games also: converter (35%)

    By 5:00 in all: 4 mex · 15 wind · 1 converter · 1 energy storage · 3 con turret

    The example game in this phase · 8 steps
    1. Converter
    2. Wind ×3
    3. Energy storage
    4. Converter
    5. Bot LabEat Bot Labreclaimed for its metal
    6. Converter
    7. Advanced Construction BotT2 con botfor Geo
    8. Advanced Metal ExtractorT2 mexdone 5:27 · typical 5:29
  4. 4

    5:00 to 10:00

    Economy
    • Wind Turbine43Wind
    • Energy Converter6Converter
    Builders
    • Butler9 Butler
    • Advanced Construction Bot4 T2 con bot for allies
    • Advanced Construction Bot1 T2 con bot

    Some games also: con turret (43%) · Butler for allies (37%)

    By 10:00 in all: 4 mex · 58 wind · 8 converter · 1 energy storage · 3 con turret

    The example game in this phase · 119 steps
    1. GunslingerGunslingerfor Ponddone 5:42
    2. Advanced Construction BotT2 con botfor Air
    3. Advanced Metal ExtractorT2 mex ×2
    4. FatboyFatboyfor Ponddone 7:30
    5. Advanced Construction BotT2 con botfor Geo sea
    6. ButlerButler ×3
    7. Advanced Metal ExtractorT2 mex
    8. ButlerButler ×3
    9. HoundHound ×3for Pond
    10. Wind ×2
    11. HoundHoundfor Pond
    12. Wind ×3
    13. HoundHoundfor Pond
    14. Wind
    15. HoundHoundfor Pond
    16. Wind
    17. HoundHoundfor Pond
    18. Wind
    19. HoundHoundfor Pond
    20. Wind
    21. HoundHoundfor Pond
    22. Wind
    23. HoundHoundfor Pond
    24. Wind ×2
    25. HoundHoundfor Pond
    26. Wind ×2
    27. HoundHoundfor Pond
    28. Wind ×2
    29. HoundHoundfor Pond
    30. Wind ×3
    31. HoundHoundfor Pond
    32. Wind ×2
    33. HoundHoundfor Pond
    34. Wind ×6
    35. Advanced Construction BotT2 con botfor Beach sea
    36. Wind ×8
    37. HoundHoundfor Pond
    38. Wind ×2
    39. HoundHoundfor Pond
    40. Wind ×3
    41. HoundHoundfor Pond
    42. Wind ×3
    43. HoundHoundfor Pond
    44. Wind
    45. Wind ×2
    46. HoundHoundfor Pond
    47. Wind ×3
    48. Wind
    49. Wind
    50. HoundHound
    51. Wind ×2
    52. Advanced Construction BotT2 con botfor Geo sea
    53. Wind
    54. Wind ×6
    55. Wind
    56. ButlerButler
    57. Wind ×4
    58. ButlerButler
    59. Wind ×2
    60. Wind
    61. ButlerButler
    62. Wind ×18
    63. Converter
    64. Wind ×4
    65. Fusion ReactorFusiondone 14:00
    66. Converter
    67. Con turret
    68. Wind
    69. Advanced Construction BotT2 con botfor Pond
    70. Wind ×2
    71. Converter
    72. Wind ×3
    73. Converter
    74. Wind ×4
    75. Converter
    76. Wind ×3
    77. Converter
    78. Wind ×3
    79. Converter
    80. Wind ×4
    81. Converter
    82. Wind ×3
    83. Converter
    84. Wind ×3
    85. Converter
    86. Wind ×3
    87. Converter
    88. Wind ×3
    89. Advanced Construction BotT2 con bot
    90. Wind
    91. Converter
    92. Wind ×4
    93. Converter
    94. Wind ×3
    95. Converter
    96. T2 converter
    97. Wind
    98. Fusion ReactorFusion
    99. Wind ×2
    100. Converter
    101. Wind ×2
    102. Con turret ×2
    103. Wind ×2
    104. Converter
    105. GhostGhost
    106. Wind ×2
    107. UmbrellaAnti-nukenot finished by 15:00
    108. Wind
    109. Con turret
    110. Converter
    111. Wind ×2
    112. Con turret
    113. Wind
    114. Converter
    115. Wind ×4
    116. Converter
    117. Wind ×3
    118. Converter
    119. Wind

Counts are medians over the build's games: half of them build more, half fewer. The example game is kiramako's (33 OS, 21/08/2026); pick another.

Team trades

IN AT LEAST 30% OF ITS GAMES

You hand over

  • Construction Bot1 Con bot to Airfirst at 2:24 · in 84% of games
  • Advanced Construction Bot5 T2 con bot to Air or Geo sea or Pondfirst at 4:50 · in 99% of games
  • Butler2 Butler to Geo sea or Beach sea or Pondfirst at 9:07 · in 42% of games

You get

  • Hercules1 Light transport from Airfirst at 4:01 · in 86% of games

How it plays out

Typical game of this build, running totals by minute

Metal produced

020k40k
0:005:0010:0015:00

metal

Enemy metal destroyed

050100
0:005:0010:0015:00

metal

Own metal lost

050100150
0:005:0010:0015:00

metal

1868 games.

Show as table
ByMetal produced: This buildEnemy metal destroyed: This buildOwn metal lost: This build
1:0038300
2:0091500
3:00165100
4:00314300
5:00484800
6:00580000
7:00722700
8:00906100
9:001116900
10:001350200
11:001623900
12:001965200
13:002344100
14:0027357074
15:003153885130
WHAT THE NUMBERS SAY

Standard Tech play barely fights at all early, instead pouring metal into T2 infrastructure and constructors for the team.

  • + Metal produced hits 31679 by 15:00, by far the highest of any role here.
  • + T2 factory reached in 97% of games by 4:15, fastest and most reliable T2 timing.
  • − Enemy metal destroyed stays at 0 through 10:00, no early offense at all.
  • − Own metal lost also near 0, showing total avoidance of combat risk.
THE EXAMPLE YOU ARE READING

kiramako

33.2 OS · 21/08/2026

Open source match ↗

24 received units · includes a constructor
4892 metal received · 89549 energy received

Allied construction assistance is unknown. Timings are observations, not a promise of solo reproducibility.

Typical milestones

Bot Lab1:18Middle 50%: 1:13–1:32 · n=1868
Advanced Bot Lab4:16Middle 50%: 4:04–4:30 · n=1861
Advanced Metal Extractor5:29Middle 50%: 5:06–5:59 · n=1864

Played most by

Amrissa93games of this buildTheGeneraI66games of this buildAdeus57games of this buildEl_Turco56games of this buildKOT_43games of this build